 Dungeon Crawl Stone Soup version 0.28-a0-980-g3664467d6e (webtiles) character file.

Game seed: 17675413410138493747

2493 Onion the Magician (level 9, -2/65 HPs)
             Began as a Djinni Gladiator on Dec 2, 2021.
             Was an Initiate of Gozag.
             Splashed by a brown ugly thing's acid (8 damage)
             ... on level 7 of the Dungeon.
             The game lasted 00:38:17 (9252 turns).

Onion the Magician (Djinni Gladiator)               Turns: 9252, Time: 00:38:22

Health: -2/65      AC:  7    Str: 13    XL:     9   Next: 82%
Gold:   1075       EV: 11    Int: 14    God:    Gozag SH:  0 Dex: 15

rFire   + + +      SeeInvis .   e - +2 dagger (elec)
rCold   x . .      Faith    .   (no shield)
rNeg    . . .      Spirit   .   r - +1 ring mail {rF+}
rPois   ∞          Reflect  .   c - +0 helmet
rElec   .          Harm     .   (no cloak)
rCorr   .          Rampage  .   (no gloves)
Will    +....                   (boots unavailable)
Stlth   +.........              (no amulet)
HPRegen 0.20/turn               (no ring)
MPRegen 0.00/turn               (no ring)

@: corroded, flying
A: sickness immunity, fire resistance 2, cold vulnerability 1, float, innate
caster, hp casting, extra vitality 1, iridescent scales 2, strong-willed 1
a: Renounce Religion, Potion Petition, Call Merchant, Bribe Branch


You were on level 7 of the Dungeon.
You worshipped Gozag.
Gozag was most pleased with you.
You visited 2 branches of the dungeon, and saw 9 of its levels.
You also visited: Ossuary.

You collected 1147 gold pieces.
You paid 72 gold pieces to Gozag.

Inventory:

Hand Weapons
 e - a +2 dagger of electrocution (weapon)
 D - a +2 dagger of venom
 E - a +4 falchion
Missiles
 d - 3 throwing nets
 l - 10 poisoned darts
Armour
 c - a +0 helmet (worn)
 r - a +1 ring mail of fire resistance (worn)
Jewellery
 f - an amulet of regeneration
Wands
 b - a wand of digging (5)
 g - a wand of paralysis (5)
 h - a wand of flame (18)
 q - a wand of polymorph (12)
 u - a wand of iceblast (1)
Scrolls
 a - a scroll of torment {unknown}
 m - 6 scrolls of teleportation
 o - a scroll of magic mapping
 s - a scroll of blinking
 v - a scroll of immolation
 x - 2 scrolls of fear
 y - a scroll of enchant weapon
 A - a scroll of enchant armour
 B - a scroll of acquirement {unknown}
 C - a scroll of holy word {unknown}
Potions
 i - 2 potions of haste {unknown}
 j - 3 potions of curing
 k - 2 potions of heal wounds
 n - 2 potions of attraction
 p - a potion of lignification {unknown}
 t - 2 potions of might
 w - 2 potions of brilliance
 z - a potion of resistance {unknown}


   Skills:
 - Level 5.0 Fighting
 - Level 4.0 Short Blades
 - Level 1.5 Throwing
 - Level 3.0 Armour
 - Level 3.2 Dodging
 + Level 1.7 Stealth
 * Level 7.9 Spellcasting
 + Level 1.4 Evocations


You had 13 spell levels left.
You knew the following spells:

 Your Spells              Type           Power      Damage    Failure   Level
a - Foxfire               Conj/Fire      100%       2x1d9     1%          1
b - Searing Ray           Conj           54%        2d6       1%          2
c - Lesser Beckoning      Tloc           27%        N/A       3%          3
d - Summon Lightning Spi  Summ/Air       27%        N/A       11%         4
Your spell library was empty.

Dungeon Overview and Level Annotations

Branches:
Dungeon (8/15)             Temple (1/1) D:4         Ossuary (visited)
   Lair: D:8-11

Altars:
Ashenzari
Cheibriados
Dithmenos
Elyvilon
Fedhas
Gozag
Hepliaklqana
Kikubaaqudgha
Makhleb
Nemelex Xobeh
Okawaru
Ru
Sif Muna
Trog
Vehumet
Yredelemnul
Zin
Jiyva

Shops:
D:5 (


Innate Abilities, Weirdness & Mutations

You are immune to sickness and miasma.
You are immune to poison.
Your flesh is very heat resistant. (rF++)
You are vulnerable to cold. (rC-)
You float through the air rather than walking.
You learn spells naturally, not from books.
Your magical power is your life essence.
You have superior vitality. (+4 HP)
You are mostly covered in iridescent scales. (AC +4)
You are strong-willed. (Will+)


Message History

You hit the brown ugly thing.
The brown ugly thing is heavily wounded.
The brown ugly thing completely misses you.
You hit the brown ugly thing but do no damage.
The brown ugly thing is heavily wounded.
The brown ugly thing barely misses you.
You hit the brown ugly thing but do no damage.
The brown ugly thing is heavily wounded.
You closely miss the brown ugly thing.
The brown ugly thing is heavily wounded.
The brown ugly thing completely misses you.
You hit the brown ugly thing but do no damage.
The brown ugly thing is heavily wounded.
The brown ugly thing pecks you but does no damage.
You hit the brown ugly thing but do no damage.
The brown ugly thing is heavily wounded.
The brown ugly thing pecks you but does no damage.
You hit the brown ugly thing but do no damage.
Lightning courses through the brown ugly thing!
The brown ugly thing is severely wounded.
The brown ugly thing pecks you. The acid corrodes you!
You are splashed with acid!
You hit the brown ugly thing but do no damage.
The brown ugly thing is severely wounded.
You closely miss the brown ugly thing.
The brown ugly thing is severely wounded.
The brown ugly thing pecks you.
* * * LOW HITPOINT WARNING * * *
You are splashed with acid.
* * * LOW HITPOINT WARNING * * *
You hit the brown ugly thing.
The brown ugly thing is severely wounded.
The brown ugly thing pecks you but does no damage.
You hit the brown ugly thing but do no damage.
The brown ugly thing is severely wounded.
The brown ugly thing pecks you!
* * * LOW HITPOINT WARNING * * *
You are splashed with acid!
You die...
Your body crumbles into a pile of gold.

...# #...# #...#.....)..#
...# ###...##############.#
_..# #.+....# #.# ...#
#.#....# #.# .#.# #.#....#
#.# .#.# #.####.# #.# .#.#
#.# #.#############)#
.#.#####.####...............#
.......)[[[....u@############
.##....#####..#### .##....#
#..# ########## .###...# #..#
#........# ## #.### #..#
#.######.# #.## #..# #.# #.#
#..# #..######[# #.# ##.#
#.........# #.# #.#
#.######### #.#####


You could see a brown ugly thing.

Vanquished Creatures
  A shadow (D:6)
  An orc warrior (D:7)
  2 sky beasts
  An ice beast (D:6)
  A necrophage (D:6)
  An ogre (D:6)
  A centaur (D:7)
  A phantom (D:2)
  2 elf zombies (Ossuary)
  A kobold brigand (D:7)
  2 scorpions
  A wyvern zombie (D:5)
  7 wights
  A bullfrog zombie (D:6)
  2 centaur zombies
  3 hounds (D:5)
  2 human zombies (Ossuary)
  5 orc priests
  A jelly (D:7)
  An iguana (Temple)
  Terence (D:2)
  3 orc wizards
  A killer bee zombie (D:7)
  4 hound zombies (Ossuary)
  3 mummies (Ossuary)
  5 adders
  7 gnolls
  A howler monkey skeleton (D:7)
  A shadow imp (D:7)
  2 ufetubi
  8 adder zombies (Ossuary)
  25 orcs
  8 ball pythons
  6 endoplasms
  A giant cockroach (D:4)
  2 gnoll zombies (Ossuary)
  12 goblins
  10 hobgoblins
  A quokka (D:4)
  4 bats
  A frilled lizard (D:1)
  4 hobgoblin zombies (Ossuary)
  4 jackal zombies
  9 kobolds
  2 kobold zombies (Ossuary)
  An orc zombie (Ossuary)
  5 quokka zombies (Ossuary)
  5 rats
  3 rat zombies (Ossuary)
176 creatures vanquished.

Vanquished Creatures (others)
  62 foxfires
62 creatures vanquished.

Grand Total: 238 creatures vanquished

Notes
Turn   | Place    | Note
-------+----------+-------------------------------------------
     0 | D:1      | Onion the Djinni Gladiator began the quest for the Orb.
     0 | D:1      | Reached XP level 1. HP: 18/18 MP: 0/0
   423 | D:1      | Reached XP level 2. HP: 23/23 MP: 0/0
   518 | D:1      | Reached skill level 1 in Spellcasting
  1261 | D:2      | Reached XP level 3. HP: 29/29 MP: 0/0
  1261 | D:2      | Learned a level 1 spell: Foxfire
  1293 | D:2      | Noticed Terence
  1334 | D:2      | HP: 1/29 [Terence (2)]
  1341 | D:2      | Killed Terence
  1342 | D:2      | Reached XP level 4. HP: 2/34 MP: 0/0
  1706 | D:2      | Reached skill level 2 in Spellcasting
  2043 | D:2      | Noticed a phantom
  2057 | D:2      | Gained mutation: You are partially covered in iridescent
                  | scales. (AC +2) [potion of mutation]
  2057 | D:2      | Gained mutation: You are strong-willed. (Will+) [potion of
                  | mutation]
  2057 | D:2      | Gained mutation: You are mostly covered in iridescent
                  | scales. (AC +4) [potion of mutation]
  2070 | D:2      | Killed a phantom
  2071 | D:2      | Reached skill level 3 in Spellcasting
  2071 | D:2      | Reached XP level 5. HP: 38/40 MP: 0/0
  2071 | D:2      | Learned a level 2 spell: Searing Ray
  2702 | D:3      | Reached XP level 6. HP: 41/46 MP: 0/0
  2795 | D:3      | Found a faded altar of an unknown god.
  3175 | D:3      | Found a sacrificial altar of Ru.
  3441 | D:4      | Found a staircase to the Ecumenical Temple.
  3451 | Temple   | Entered the Ecumenical Temple
  3566 | Temple   | Became a worshipper of Gozag Ym Sagoz the Greedy
  3821 | D:4      | Reached skill level 4 in Spellcasting
  4099 | D:4      | Reached XP level 7. HP: 35/50 MP: 0/0
  4099 | D:4      | Learned a level 3 spell: Lesser Beckoning
  4456 | D:5      | Entered Level 5 of the Dungeon
  4472 | D:5      | Found a sand-covered staircase.
  4484 | Ossuary  | Entered an ossuary
  4560 | Ossuary  | Reached skill level 1 in Armour
  5171 | Ossuary  | Reached XP level 8. HP: 51/56 MP: 0/0
  5283 | D:5      | Reached skill level 5 in Spellcasting
  5336 | D:5      | Found a white marble altar of Elyvilon.
  5695 | D:5      | Found Vosipna's Weapon Shop.
  6005 | D:5      | Reached skill level 1 in Stealth
  6238 | D:6      | Noticed a shadow
  6248 | D:6      | Killed a shadow
  6462 | D:6      | Reached skill level 6 in Spellcasting
  6709 | D:5      | Reached XP level 9. HP: 58/63 MP: 0/0
  6709 | D:5      | Learned a level 4 spell: Summon Lightning Spire
  7038 | D:6      | Reached skill level 5 in Fighting
  7237 | D:6      | Reached skill level 7 in Spellcasting
  7290 | D:6      | Found a broken altar of Ashenzari.
  7336 | D:6      | Found a glowing silver altar of Zin.
  8393 | D:7      | Reached skill level 1 in Evocations
  8564 | D:7      | Found a bloodstained altar of Trog.
  9226 | D:8      | Noticed a brown ugly thing
  9252 | D:7      | Splashed by a brown ugly thing's acid

Illustrated notes

Levels and vault maps discovered:
D:1:      sevenhm_arrival_forest_fort_small_4, layout_basic, chequers_avenue
D:2:      layout_basic, serial_corexii_hall, corexii_hall_statues_x,
          chequers_hall_statues_wall_a, chequers_hall_statues_wall_a,
          minmay_splitting_lines, minmay_goblin_outpost, uniq_terence
D:3:      layout_basic, nicolae_ru_path_of_blood,
          ebering_ecumenical_altar_petrified, kennysheep_cross_room
D:4:      layout_basic, minmay_temple_entry_statues_pillars
D:5:      layout_cave_pools, elyvilon_altar_4, mainiacjoe_overflow_alcove_4,
          enter_ossuary_3, serial_glass, glass_columns_a, glass_columns_a,
          glass_columns_a, glass_columns_a, serial_shops, shop_statue
D:6:      layout_cave_pools, mainiacjoe_overflow_24_doors, zin_statuary,
          kennysheep_generic_room_2
D:7:      layout_basic, overflow_temple_1_default
D:8:      layout_loops_cross, kennysheep_little_box, led_xom_imps,
          tso_oasis_becter, gammafunk_ghost_ooze, nicolae_island_escapes,
          uniq_maurice, uniq_maggie, uniq_gastronok
Temple:   pf_slimified_temple

Skill      XL: |  1  2  3  4  5  6  7  8  9 |
---------------+----------------------------+-----
Spellcasting   | 1 3 4 6 7 |  7.9
Fighting       | 3 4 5 |  5.0
Short Blades   | 3 4 |  4.0
Armour         | 2 3 |  3.0
Stealth        | 1 |  1.7
Evocations     | 1 |  1.4
Throwing       | |  1.5
Dodging        | |  3.2

Action                   |  1- 3 |  4- 6 |  7- 9 || total
-------------------------+-------+-------+-------++-------
Melee: Rapier            |    51 |    48 |       ||    99
       Dagger            |       |   105 |   308 ||   413
Throw: Dart              |     3 |       |       ||     3
       Throwing net      |     3 |       |       ||     3
 Cast: Foxfire           |     8 |    27 |       ||    35
       Searing Ray       |       |     7 |    45 ||    52
  Use: Potion            |       |     2 |       ||     2
       Scroll            |       |       |    13 ||    13
 Stab: Distracted        |       |       |     1 ||     1
Armor: Robe              |    13 |    60 |       ||    73
       Leather armour    |     1 |       |       ||     1
       Ring mail         |       |     3 |   152 ||   155
       Skin              |       |     1 |       ||     1
Dodge: Dodged            |    39 |   105 |   178 ||   322

Table legend: (Time is in decaauts)
 A = Elapsed time spent in this place.
 B = Non-inter-level travel time spent in this place.
 C = Inter-level travel time spent in this place.
 D = Time resting spent in this place.
 E = Time spent auto-exploring this place.
 F = Levels seen in this place.
 G = Mean time per level.
                   A        B        C        D        E       F      G
               +--------+--------+--------+--------+--------+-----+--------+
         Total |   9191 |   8822 |    369 |      6 |   7313 |  10 |  919.1 |
       Dungeon |   8229 |   7905 |    324 |      6 |   6627 |   8 | 1028.6 |
        Temple |    205 |    160 |     45 |      0 |    141 |   1 |  205.0 |
       Ossuary |    757 |    757 |      0 |      0 |    545 |   1 |  757.0 |
               +--------+--------+--------+--------+--------+-----+--------+

Top non-repeatable levels by time:
     D:7: 1669 daAuts
     D:1: 1331 daAuts
     D:2: 1325 daAuts
     D:6: 1304 daAuts
     D:4: 1042 daAuts
     D:5: 993 daAuts
 Ossuary: 757 daAuts
     D:3: 549 daAuts
  Temple: 205 daAuts
     D:8: 12 daAuts
